Croesus, chaotic female elven Ranger ------------ |(.......... |....<.....| -.-+--|----- ### # ------------- ## # .`.........`-##### ## # |....)Y@....| # --------------- ## # |...-----...| #####-..%..........| ## # ##....|.{.....| # |......>......| ## # ### |..`|{.{|`..| ##+....^........| # # ### |...|.{.|...| --------------- # # # # -...-----...| # ### ### |.....`.....| # # # |`.........`| ---|-|-------### ------------- |....(......|# |...........|# |.....).....-# ------------- Croesus the Trailblazer Experience level: 7 Strength: 15 Dexterity: 11 Constitution: 15 Intelligence: 13 Wisdom: 15 Charisma: 7 Health: 0(40) Energy: 55(55) Def: 8 Gold: 2165 Moves: 6284 Dungeon seed: i5rRB_wP5DUocDs2 Game ID: Croesus_1562067662 Your Inventory: Amulets t - a cursed amulet of strangulation Weapons a - 10 uncursed +0 arrows c - 70 uncursed +2 elven arrows (in quiver) d - an uncursed +1 elven dagger (alternate weapon; not wielded) e - an uncursed +1 elven bow (weapon in hand) n - 2 uncursed +0 orcish daggers o - an uncursed +1 orcish dagger p - 7 uncursed +1 darts s - 63 cursed +0 elven arrows u - 78 cursed +2 elven arrows v - 4 uncursed +0 silver arrows x - 11 uncursed +0 darts E - 13 uncursed +0 elven arrows O - 13 uncursed poisoned +0 orcish arrows Armor b - an uncursed +2 elven cloak (being worn) q - an uncursed +0 orcish helm y - an uncursed +0 pair of low boots (being worn) z - an uncursed +0 orcish helm of drain resistance (being worn) T - an uncursed +0 ring mail (being worn) Comestibles f - 8 uncursed lembas wafers j - an uncursed melon M - 2 cursed lembas wafers P - 3 uncursed mangos S - 5 uncursed food rations Scrolls l - a cursed scroll of identify B - an uncursed scroll of identify C - 3 uncursed scrolls of light I - an uncursed scroll of remove curse R - an uncursed scroll of confuse monster V - a cursed scroll of amnesia Z - a cursed scroll of confuse monster Potions g - a cursed potion of monster detection h - an uncursed potion of fruit juice w - an uncursed potion of healing A - 2 uncursed potions of blindness J - 2 uncursed potions of enlightenment Q - 2 uncursed potions of sickness U - a cursed potion of paralysis W - a blessed potion of levitation X - 2 potions of unholy water Rings F - a cursed ring of teleportation Wands m - an uncursed wand of polymorph (0:6) N - an uncursed wand of magic missile (0:5) Tools k - a cursed lock pick H - 7 uncursed tallow candles (0:200) Gems i - an uncursed worthless piece of black glass r - an uncursed worthless piece of green glass G - an uncursed topaz stone K - a cursed garnet stone L - a cursed worthless piece of violet glass Y - an uncursed worthless piece of white glass Coins $ - 2165 gold pieces Spells and supernatural/magical abilities: Name Level Category Cost Memory U - detect unseen 3 divination 3000pw 99% W - pray for help -- divine ? -- Your skills at the end: Fighting Skills wands [Basic] Weapon Skills dagger [Skilled] bow [Skilled] Spellcasting Skills Final Attributes: You were piously aligned. You were immune to sleep. You were level-drain resistant. You saw invisible. You were telepathic. You had automatic searching. You had infravision. You were stealthy. Mars was noncommittal. You are dead. Vanquished creatures: a ghost a warhorse an elf mummy 3 wolves a spotted jelly 2 blue jellies a raven 2 gnome mummies a snake a soldier ant 3 fire ants 5 bugbears 3 Uruk-hai a rock mole a fog cloud a shrieker a violet fungus 2 gnome lords a barrow wight 3 elf zombies 2 ghouls 2 little dogs 3 floating eyes 2 kobold lords 11 hill orcs a rabid rat a giant bat a dwarf zombie an iguana 5 acid blobs 3 coyotes a hobbit 4 hobgoblins 2 giant rats 3 cave spiders a brown mold 2 yellow molds a green mold 2 red molds a gnome 10 garter snakes 4 geckos 5 jackals a kobold 4 goblins 10 grid bugs 4 bats 5 lichens 9 newts 136 creatures vanquished. Genocided species: cockatrices 1 species genocided. Voluntary challenges: You used a wielded weapon 90 times, starting on turn 177. You read items or engraved 13 times, starting on turn 4141. You genocided 1 type of monster, starting on turn 3071. You never polymorphed an object. You never changed form. You used no wishes. You never split a pudding. You never wrote Elbereth's name. You never violated your personal moral code. Dungeon overview: The Dungeons of Doom: levels 1 to 9 Level 1 some fountains a long staircase Level 2 an armor shop, an altar to Mercury, a sink, a vault a long staircase Level 3 a delicatessen Level 4 Level 5 a fountain Level 6 Level 7 a fountain Level 8 a fountain Level 9 <- You were here many fountains History has recorded: On T:1 you entered the Dungeons of Doom to retrieve the Amulet of Yendor! On T:410 you reached level 2 of The Dungeons of Doom. On T:734 you advanced to experience level 2. On T:1663 you reached level 3 of The Dungeons of Doom. On T:1767 you advanced to experience level 3. On T:2095 you reached level 4 of The Dungeons of Doom. On T:2731 you reached level 5 of The Dungeons of Doom. On T:2942 you advanced to experience level 4. On T:3071 you genocided cockatrices. On T:3266 you advanced to experience level 5. On T:3365 you reached level 6 of The Dungeons of Doom. On T:3398 you reached level 7 of The Dungeons of Doom. On T:3903 you advanced to experience level 6. On T:5458 you reached level 8 of The Dungeons of Doom. On T:5527 you reached level 9 of The Dungeons of Doom. On T:5599 you advanced to experience level 7. Score breakdown: Gold: 2165 (11346 points) Experience: 7 levels (13645 points) Exploration: 9 levels ( 18.75%) (12377 points) Discoveries: 7 items ( 2.37%) ( 4621 points) Valuables value: (no points given unless you survive) Artifact value: 0 ( 0 points) Variety of kills: 49 monsters ( 12.89%) (10772 points) Turncount: 6284 turns (-1692 points) Survival: died (score multiplied by 80%) Total score: 40855 Latest messages: [2 turns] You have a little trouble lifting a - 2 uncursed arrows (in quiver). Suddenly, Sirius disappears out of sight! You stop exploring. c - 74 uncursed +2 elven arrows (in quiver). [2 turns] You shoot 2 elven arrows. The 1st elven arrow hits the yeti! The 2nd elven arrow hits the yeti! The yeti misses. The yeti hits! The yeti misses. The elven arrow hits the yeti! The yeti hits! (2x) The yeti bites! The elven arrow hits the yeti! The yeti hits! (2x) You die... For some reason, you think that you can almost hear the Wizard laugh manically... Final status: Goodbye Croesus the Ranger, killed by a yeti... You died in The Dungeons of Doom on dungeon level 9 with 40855 points, and 2165 pieces of gold, after 6284 moves. You were level 7 with a maximum of 40 hit points when you died.